 Dungeon Crawl Stone Soup version 0.25.1-2-g60ff931df9 (webtiles) character file.

Game seed: 5030790213834236763

86 Allula97 the Ducker (level 4, -1/34 HPs)
             Began as a Demonspawn Gladiator on Nov 14, 2020.
             Slain by an ogre
             ... wielding a +0 giant club
              (3 damage)
             ... on level 4 of the Dungeon.
             The game lasted 00:10:22 (2607 turns).

Allula97 the Ducker (Demonspawn Gladiator)          Turns: 2607, Time: 00:10:23

Health: -1/34      AC:  9    Str: 15    XL:     4   Next: 27%
Magic:  0/4        EV:  7    Int: 10    God:
Gold:   83         SH:  0    Dex: 14    Spells: 3/3 levels left

rFire    . . .     SeeInvis .     - Unarmed
rCold    . . .     Gourm    .   (no shield)
rNeg     + . .     Faith    .   s - +0 chain mail
rPois    .         Spirit   +   c - +0 helmet
rElec    .         Reflect  .   (no cloak)
rCorr    .         Harm     .   (no gloves)
MR       .....                  (no boots)
Stlth    ..........             l - amulet of guardian spirit
HPRegen  0.11/turn              m - ring of positive energy (curse)
MPRegen  0.09/turn              (no ring)

@: no status effects
A: claws 1
a: no special abilities


You were on level 4 of the Dungeon.
You were not hungry.

You visited 1 branch of the dungeon, and saw 4 of its levels.

You collected 83 gold pieces.

Inventory:

Missiles
 d - 2 throwing nets
 h - 6 poisoned darts (quivered)
Armour
 b - a +0 leather armour
 c - a +0 helmet (worn)
 s - a +0 chain mail (worn)
Jewellery
 l - an amulet of guardian spirit (around neck)
 m - a cursed ring of positive energy (left claw)
Wands
 r - a wand of digging (4)
Scrolls
 a - a scroll of enchant weapon {unknown}
 e - 6 scrolls of identify {unknown}
 g - a scroll of fear {unknown}
 i - a scroll of immolation {unknown}
 j - a scroll of remove curse {unknown}
 k - a scroll of amnesia {unknown}
 o - a scroll of random uselessness {unknown}
 p - a scroll of magic mapping {unknown}
 q - 3 scrolls of fog {unknown}
Potions
 n - a potion of experience {unknown}
Comestibles
 f - 5 rations


   Skills:
 * Level 2.7 Fighting
   Level 2.8 Short Blades
 - Level 1.7 Throwing
 + Level 1.0 Armour
 * Level 3.2 Dodging
 + Level 1.2 Stealth
 * Level 1.2 Unarmed Combat
 - Level 0.3 Spellcasting


You had 3 spell levels left.
You didn't know any spells.
Your spell library was empty.

Dungeon Overview and Level Annotations

Branches:
Dungeon (4/15)
 Temple: D:4-7

Altars:
Nemelex Xobeh
Okawaru
Uskayaw
Yredelemnul


Innate Abilities, Weirdness & Mutations

You have sharp fingernails.


Message History

The ogre is lightly wounded.
You scratch the ogre.
The ogre is moderately wounded.
The ogre hits you with a +0 giant club!
You closely miss the ogre.
The ogre is moderately wounded.
The ogre closely misses you.
You barely miss the ogre.
The ogre is moderately wounded.
You scratch the ogre.
The ogre is heavily wounded.
The ogre hits you with a +0 giant club!
You scratch the ogre.
The ogre is severely wounded.
The ogre looks more healthy.
The ogre hits you with a +0 giant club!!
Ouch! That really hurt!
* * * LOW HITPOINT WARNING * * *
The ogre hits you with a +0 giant club.
You die...

#...# .# #.# #.#
###♣#'#############.##
#.'...♣#....(..##....
#.#♣#'# #.##.#.# #.###.##
#.##.#.## # #.##...#
#####.......###.##
#.#8...8##...O..#..........
#.##...##...@..##.....##.#
#.###_####.######....## #.#
### #.# #.#.####.# #.# #.#
#........# #.# #>#
###.###### #.########.#
##'## #..........# ##...##
######.##### ##.....## #.#
##.......##


You could see an ogre.

Vanquished Creatures
  Terence (D:3)
  An adder (D:3)
  4 worms
  A dart slug (D:2)
  2 giant cockroaches (D:2)
  2 hobgoblins
  4 jackals (D:2)
  5 kobolds
  3 quokkas
  3 bats
  4 frilled lizards
  6 goblins
  3 rats
  A spectral orc (D:3)
40 creatures vanquished.

Notes
Turn   | Place    | Note
-------+----------+-------------------------------------------
     0 | D:1      | Allula97 the Demonspawn Gladiator began the quest for the
                  | Orb.
     0 | D:1      | Reached XP level 1. HP: 16/16 MP: 1/1
   384 | D:1      | You fall into a shaft and drop 1 floor!
   397 | D:2      | Gained mutation: You have sharp fingernails. [demonic
                  | ancestry]
   397 | D:2      | Reached XP level 2. HP: 21/22 MP: 2/2
   876 | D:2      | Reached skill level 3 in Dodging
   876 | D:2      | Reached XP level 3. HP: 22/27 MP: 0/3
  1369 | D:3      | Found an iron altar of Okawaru.
  1406 | D:3      | Reached skill level 1 in Stealth
  1541 | D:3      | Reached skill level 1 in Unarmed Combat
  2066 | D:3      | Found a basalt altar of Yredelemnul.
  2190 | D:3      | Noticed Terence
  2221 | D:3      | Killed Terence
  2221 | D:3      | Reached skill level 1 in Armour
  2221 | D:3      | Reached XP level 4. HP: 24/34 MP: 4/4
  2551 | D:4      | Found a sparkling altar of Nemelex Xobeh.
  2556 | D:4      | Found a hide-covered altar of Uskayaw.
  2594 | D:4      | Noticed an ogre
  2607 | D:4      | Slain by an ogre

Illustrated notes

Levels and vault maps discovered:
D:1:      nzn_arrival_settlement, layout_basic, item_on_display_a
D:2:      layout_basic, minmay_cut_off
D:3:      layout_loops_corners, lemuel_crystal_altar,
          yredelemnul_forgotten_temple_becter, uniq_terence
D:4:      layout_loops_corners, nicolae_ru_sacrificial_ziggurat,
          amethyst_overflow_temple_binary, gammafunk_ghost_cemetery,
          corexii_checkpoint_b, dk_rats_in_the_wall

Skill      XL: |  1  2  3 |
---------------+----------+-----
Dodging        | 3 |  3.2
Stealth        | 1 |  1.2
Unarmed Combat | 1 |  1.2
Armour         | 1 |  1.0
Fighting       | |  2.7
Short Blades   | |  2.8
Throwing       | |  1.7
Spellcasting   | |  0.3

Action                   |  1- 3 |  4- 6 || total
-------------------------+-------+-------++-------
Melee: Rapier            |    25 |       ||    25
       Unarmed           |   197 |     8 ||   205
Throw: Throwing net      |     6 |       ||     6
       Dart              |     2 |     1 ||     3
 Stab: Held in net/web   |     6 |       ||     6
       Sleeping          |     2 |       ||     2
  Eat: Chunk             |     3 |       ||     3
       Ration            |       |     1 ||     1
Armor: Leather armour    |    66 |       ||    66
       Chain mail        |       |     1 ||     1
Dodge: Dodged            |   165 |     1 ||   166
